 Dungeon Crawl Stone Soup version 0.30-b1-2-g02819fbbbe (webtiles) character file.

Game seed: 12951035776793152790

3507 LLlMATKO the Fighter (level 9, -2/82 HPs)
             Began as a Minotaur Berserker on Nov 22, 2023.
             Was a Priest of Trog.
             Slain by a gargoyle
             ... wielding a +0 flail
              (12 damage)
             ... on level 7 of the Dungeon.
             The game lasted 00:05:13 (5502 turns).

LLlMATKO the Fighter (Minotaur Berserker)           Turns: 5502, Time: 00:05:14

Health: -2/82      AC: 14    Str: 26    XL:     9   Next: 81%
Magic:  8/8        EV: 25    Int:  4    God:    Trog [***...]
Gold:   314        SH:  6    Dex: 16    Spells: 8/8 levels left

rFire   . . .        y - +0 war axe
rCold   . . .        z - +0 buckler
rNeg    . . .        n - +0 plate armour
rPois   +            (helmet restricted)
rElec   .            E - +0 cloak
rCorr   .            (no gloves)
SInv    .            (no boots)
Will    ++...        i - amulet of the acrobat Stlth
                     A - +6 ring of dexterity
HPRegen 1.33/turn    G - ring of poison resistance
MPRegen 0.11/turn

%: acrobat
@: strong-willed (expiring), on berserk cooldown, acrobatic, regenerating
(expiring), slowed, studying Evocations, very slow
A: horns 2, retaliatory headbutt
a: Renounce Religion, Berserk, Trog's Hand


You were on level 7 of the Dungeon.
You worshipped Trog.
Trog was most pleased with you.
You visited 1 branch of the dungeon, and saw 7 of its levels.

You collected 435 gold pieces.
You spent 121 gold pieces at shops.

Inventory:

Hand Weapons
 a - a +0 hand axe
 y - a +0 war axe (weapon)
Missiles
 d - 21 poisoned darts (quivered)
 e - 6 atropa-tipped darts
 I - a throwing net
Armour
 n - a +0 plate armour (worn)
 z - a +0 buckler (worn)
 E - a +0 cloak (worn)
Jewellery
 i - an amulet of the acrobat (around neck)
 A - a +6 ring of dexterity (left hand)
 F - a ring of protection from cold
 G - a ring of poison resistance (right hand)
Wands
 m - a wand of charming (2)
 C - a wand of iceblast (14)
 H - a wand of mindburst (14)
Scrolls
 b - 3 scrolls of brand weapon {unknown}
 f - 8 scrolls of identify {unknown}
 j - a scroll of fog
 k - 3 scrolls of amnesia {unknown}
 o - 3 scrolls of blinking {unknown}
 p - a scroll of vulnerability {unknown}
 q - 2 scrolls of fear {unknown}
 s - a scroll of immolation {unknown}
 u - a scroll of poison {unknown}
 v - 2 scrolls of teleportation {unknown}
 D - a scroll of magic mapping {unknown}
Potions
 c - 2 potions of might {unknown}
 g - 2 potions of heal wounds {unknown}
 h - a potion of berserk rage {unknown}
 l - a potion of brilliance {unknown}
 r - 3 potions of flight {unknown}
 t - 2 potions of attraction {unknown}
 w - a potion of resistance {unknown}
 x - a potion of curing {unknown}
 B - a potion of invisibility {unknown}
 J - a potion of cancellation {unknown}


   Skills:
 + Level 8.4 Fighting
 + Level 8.4 Axes
 + Level 7.9 Armour
 + Level 7.2 Dodging
 + Level 7.3 Shields


You had 8 spell levels left.
You didn't know any spells.
Your spell library was empty.

Dungeon Overview and Level Annotations

Branches:
Dungeon (7/15)             Temple (0/1) D:5

Altars:
Ashenzari
Dithmenos
Elyvilon
Hepliaklqana
Makhleb
Qazlal
Sif Muna
Trog
Vehumet
Wu Jian
Xom
Yredelemnul
The Shining One

Shops:
D:4 *   D:5 [   D:6 :


Innate Abilities, Weirdness & Mutations

You have a pair of horns on your head.
You reflexively headbutt those who attack you in melee.


Message History

The gargoyle attacks as you move away! The gargoyle barely misses you.
The gargoyle hurls a stone arrow at you.
The stone arrow hits you!!
As you read the scroll labelled LEUMNI ZIASCHU, it crumbles to dust.
The scroll dissolves into smoke.
It was a scroll of fog.
The gargoyle hits you with a +0 flail.
The gargoyle hurls a stone arrow at you.
The stone arrow hits you.
* * * LOW HITPOINT WARNING * * *
Okay, then.
Unknown command.
Okay, then.
Your skin crawls.
You feel strong-willed.
The gargoyle hurls a stone arrow at you.
The stone arrow hits you!
* * * LOW HITPOINT WARNING * * *
You block the gargoyle's attack.
Unknown command.
Unknown command.
The gargoyle attacks as you move away! The gargoyle closely misses you.
You furiously retaliate!
You headbutt the gargoyle! The gargoyle attacks as you move away!
The gargoyle closely misses you. The gargoyle attacks as you move away!
The gargoyle barely misses you. You furiously retaliate!
You headbutt the gargoyle! The gargoyle closely misses you.
The gargoyle hurls a stone arrow at you.
The stone arrow hits you!
* * * LOW HITPOINT WARNING * * *
The gargoyle misses you. You furiously retaliate!
You headbutt the gargoyle!
The gargoyle hurls a stone arrow at you.
The stone arrow misses you. The gargoyle attacks as you move away!
The gargoyle hits you with a +0 flail.
* * * LOW HITPOINT WARNING * * *
The gargoyle attacks as you move away! The gargoyle misses you.
The gargoyle attacks as you move away! The gargoyle closely misses you.
You feel the effects of Trog's Hand fading.
The gargoyle barely misses you. The gargoyle attacks as you move away!
The gargoyle hits you with a +0 flail!
You die...

##....................#
.........#####.######<#
##.####### #.# #.# ##.####### #.#
#.# .........# #.# #.# ##.#####.#
#.# #.# #.# #.# #.# #.# #.# #.#
##.######.# # #.#
#.####.99@.....######.#
#.#####......#######......#.
#..........###)###8###.##..# ##
##########..#(##).'##(#))#.###.#
.........#.###'.....'###.#..#.#
########..§#8#§......# #.....# #
###§§§§§......+ #.#...#
#########.§§§§§9.8....##.#.#.###
..........§§§§§......+##...#...##


You could see 2 gargoyles.

Vanquished Creatures
  2 gargoyles (D:7)
  Maggie (D:6)
  Prince Ribbit (D:5)
  Sigmund (D:3)
  A water moccasin (D:7)
  An orc warrior (D:7)
  An ice beast (D:6)
  A sky beast (D:6)
  4 black bears
  2 ogres
  A centaur (D:7)
  A bullfrog (D:6)
  Blork the orc (D:6)
  4 scorpions
  A gnoll sergeant (D:7)
  4 wights (D:5)
  A howler monkey (D:5)
  2 jellies (D:6)
  2 hounds
  An orc priest (D:5)
  Crazy Yiuf (D:5)
  2 gnoll boudas
  6 orc wizards
  2 iguanas (D:6)
  12 gnolls
  5 adders
  A shadow imp (D:6)
  A white imp (D:6)
  An ufetubus (D:3)
  16 orcs
  5 bats
  5 endoplasms
  2 giant cockroaches (D:1)
  8 goblins
  11 hobgoblins
  2 jackals (D:3)
  5 kobolds
  4 quokkas
  A ball python (D:4)
  2 frilled lizards
  4 rats
129 creatures vanquished.

Vanquished Creatures (others)
  2 fungi (D:6)
2 creatures vanquished.

Grand Total: 131 creatures vanquished

Notes
Turn   | Place    | Note
-------+----------+-------------------------------------------
     0 | D:1      | LLlMATKO the Minotaur Berserker began the quest for the
                  | Orb.
     0 | D:1      | Reached XP level 1. HP: 19/19 MP: 0/0
   359 | D:1      | Reached XP level 2. HP: 25/27 MP: 1/1
   491 | D:1      | Reached skill level 1 in Shields
  1724 | D:3      | Reached XP level 3. HP: 33/33 MP: 2/2
  1886 | D:3      | Noticed Sigmund
  1895 | D:3      | Killed Sigmund
  1896 | D:3      | Reached XP level 4. HP: 41/41 MP: 3/3
  1896 | D:3      | Reached XP level 5. HP: 47/47 MP: 4/4
  1916 | D:3      | Reached XP level 6. HP: 48/55 MP: 5/5
  2180 | D:3      | Found a shimmering blue altar of Sif Muna.
  2193 | D:3      | Reached ** piety under Trog
  2194 | D:3      | Reached skill level 5 in Fighting
  2194 | D:3      | Reached skill level 5 in Axes
  2305 | D:4      | Found Tucy's General Store.
  2820 | D:5      | Entered Level 5 of the Dungeon
  2820 | D:5      | Noticed Prince Ribbit
  2820 | D:5      | Found Qyd Ylun's Antique Armour Boutique.
  2829 | D:5      | Killed Prince Ribbit
  2830 | D:5      | Reached XP level 7. HP: 61/61 MP: 6/6
  2947 | D:5      | Reached skill level 5 in Armour
  2975 | D:5      | Found a staircase to the Ecumenical Temple.
  3017 | D:5      | Reached skill level 5 in Dodging
  3017 | D:5      | Reached XP level 8. HP: 70/70 MP: 7/7
  3074 | D:5      | Bought a buckler for 121 gold pieces
  3287 | D:5      | Found a shimmering altar of Xom.
  3288 | D:5      | Found a hazy altar of Hepliaklqana.
  3289 | D:5      | Noticed a spectral ugly thing
  3320 | D:5      | Found a runed translucent door.
  3321 | D:5      | Noticed Crazy Yiuf
  3551 | D:5      | Reached skill level 5 in Shields
  3564 | D:5      | Found an ornate altar of the Wu Jian Council.
  3678 | D:5      | Killed Crazy Yiuf
  3683 | D:5      | Identified the +11 hammer of the Thing {freeze, Dex+3}
  3790 | D:6      | Found a radiant altar of Vehumet.
  3794 | D:6      | Found Qekeo's Book Emporium.
  3804 | D:6      | Noticed Blork the orc
  3813 | D:6      | Killed Blork the orc
  3898 | D:6      | Noticed Maggie
  3900 | D:6      | Found a burning altar of Makhleb.
  3911 | D:6      | Killed Maggie
  4307 | D:6      | Reached XP level 9. HP: 73/79 MP: 8/8
  4342 | D:6      | Reached *** piety under Trog
  4361 | D:6      | Found a white marble altar of Elyvilon.
  4361 | D:6      | Found a broken altar of Ashenzari.
  4431 | D:6      | Found a glowing golden altar of the Shining One.
  4470 | D:6      | Found a basalt altar of Yredelemnul.
  4531 | D:6      | Found a stormy altar of Qazlal.
  4958 | D:7      | Found a bloodstained altar of Trog.
  4990 | D:7      | Found a shadowy altar of Dithmenos.
  5398 | D:7      | Noticed a gargoyle
  5406 | D:7      | Killed a gargoyle
  5479 | D:7      | Noticed a gargoyle
  5482 | D:7      | Killed a gargoyle
  5484 | D:7      | Noticed a gargoyle
  5484 | D:7      | Noticed a gargoyle
  5502 | D:7      | Slain by a gargoyle

Illustrated notes

Levels and vault maps discovered:
D:1:      dpeg_arrival_circle_labyrinth_b, layout_basic
D:2:      layout_loops_ring, dreamdust_princess_corridor
D:3:      layout_rooms, kennysheep_orc_sif_temple, uniq_sigmund
D:4:      layout_cave_pools, nicolae_stop_n_shop_1
D:5:      layout_rooms, regret_index_temple_of_mockery, lemuel_round_altar,
          minmay_temple_entry_ruins, nicolae_stop_n_shop_1,
          uniq_crazy_yiuf_cottage, uniq_prince_ribbit1
D:6:      minmay_diamond_boxcup, layout_basic, grunt_qazlal_clouds,
          nicolae_tso_carved_into_rock, mainiacjoe_overflow_alcove_2,
          lemuel_crystal_altar, mainiacjoe_overflow_boulevard,
          chequers_temple_overflow_statue_of_worship, serial_shops, shop,
          uniq_blork_the_orc, uniq_maggie
D:7:      cheibrodos_statue_roulette, layout_loops_ring, trog_hazing_becter,
          nicolae_dithmenos_the_darkroom

Skill      XL: |  1  2  3  4  5  6  7  8  9 |
---------------+----------------------------+-----
Shields        | 1 2 3 4 6 7 |  7.3
Fighting       | 4 5 6 7 8 |  8.4
Axes           | 4 5 6 7 8 |  8.4
Armour         | 3 4 5 6 7 |  7.9
Dodging        | 3 4 5 6 7 |  7.2

Action                     |  1- 3 |  4- 6 |  7- 9 || total
---------------------------+-------+-------+-------++-------
  Melee: Hand axe          |    81 |    79 |    19 ||   179
         Headbutt          |     9 |    15 |    34 ||    58
         Punch             |     1 |     1 |     4 ||     6
         War axe           |       |       |   134 ||   134
 Invoke: Berserk           |     1 |     3 |     7 ||    11
         Trog's Hand       |       |       |     1 ||     1
    Use: Scroll            |       |       |     1 ||     1
   Stab: Sleeping          |     1 |       |       ||     1
 Armour: Animal skin       |    10 |       |       ||    10
         Ring mail         |     5 |       |       ||     5
         Plate armour      |    13 |    60 |    65 ||   138
  Dodge: Dodged            |    55 |    44 |   113 ||   212
  Block: Buckler           |       |       |    43 ||    43
